 Dungeon Crawl Stone Soup version 0.28-a0-258-g8de209e91f (webtiles) character file.

Game seed: 9599184092510829563

56 SkeletonJelly the Poker (level 3, -1/30 HPs)
             Began as a Merfolk Chaos Knight on Aug 27, 2021.
             Was a Plaything of Xom.
             Slain by an acid dragon (5 damage)
             ... on level 2 of the Dungeon.
             The game lasted 00:02:20 (1353 turns).

SkeletonJelly the Poker (Merfolk Chaos Knight)      Turns: 1353, Time: 00:02:20

Health: -1/30      AC:  5    Str: 13    XL:     3   Next: 97%
Magic:  3/3        EV: 12    Int: 11    God:    Xom [...*..]
Gold:   75         SH:  0    Dex: 13    Spells: 2/2 levels left

rFire   . . .      SeeInvis .   a - +0 spear (chaos)
rCold   . . .      Faith    .   (no shield)
rNeg    . . .      Spirit   .   b - +2 leather armour
rPois   .          Reflect  .   (no helmet)
rElec   .          Harm     .   (no cloak)
rCorr   .          Rampage  .   (no gloves)
Will    .....                   (no boots)
Stlth   +.........              (no amulet)
HPRegen 0.10/turn               (no ring)
MPRegen 0.08/turn               (no ring)

@: brilliant, attractive
A: (nimble swimmer 2), mertail
a: Renounce Religion


You were on level 2 of the Dungeon.
You worshipped Xom.
You were a favourite toy of Xom.
You visited 1 branch of the dungeon, and saw 2 of its levels.

You collected 75 gold pieces.

Inventory:

Hand Weapons
 a - a +0 spear of chaos (weapon)
Armour
 b - a +2 leather armour (worn)
Scrolls
 c - a scroll of fog {unknown}
 d - a scroll of acquirement {unknown}
 g - a scroll of identify {unknown}
 h - a scroll of vulnerability {unknown}
 i - a scroll of teleportation {unknown}
 k - a scroll of silence {unknown}
Potions
 f - a potion of attraction
 j - a potion of curing


   Skills:
 + Level 4.0 Fighting
 * Level 6.2 Polearms
 - Level 0.6 Armour
 - Level 2.6 Dodging


You had 2 spell levels left.
You didn't know any spells.
Your spell library was empty.

Dungeon Overview and Level Annotations

Branches:
Dungeon (2/15)

Altars:
Kikubaaqudgha


Innate Abilities, Weirdness & Mutations

((You are quick and stealthy near water. (Stealth+, EV+, Speed+++)))
Your lower body shifts to a powerful aquatic tail in water.


Message History

You hit the giant cockroach.
Lightning courses through the giant cockroach!!
You kill the giant cockroach!
No target in view!
No target in view!
No target in view!
No target in view!
No target in view!
A hobgoblin and a kobold come into view.
Found a whip.
There are monsters nearby!
There are monsters nearby!
There are monsters nearby!
You reach to attack!
The helpless kobold fails to defend itself.
You hit the kobold. You burn the kobold.
You kill the kobold!
You reach to attack!
You hit the hobgoblin. You burn the hobgoblin.
You kill the hobgoblin!
No target in view!
No target in view!
No target in view!
No target in view!
No target in view!
Things that are here:
a +0 dagger; a hobgoblin corpse You see here a +0 whip.
Found a scroll labelled ELIXKI PIOXEKUWU.
k - a scroll labelled ELIXKI PIOXEKUWU A bat comes into view.
A bat is nearby!
A bat is nearby!
A bat is nearby!
A bat is nearby!
The bat closely misses you.
You closely miss the bat. The bat closely misses you.
The bat barely misses you.
Your leather armour prevents you from hitting the bat.
The bat closely misses you. The bat hits you but does no damage.
You miss the bat. "Hum-dee-hum-dee-hum..."
The bat evaporates and reforms as an acid dragon!
You barely miss the acid dragon. The acid dragon bites you.
The acid dragon claws you.
You take 7 damage, and have 23/30 hp.
MASSIVE DAMAGE!!
You barely miss the acid dragon. The acid dragon completely misses you.
The acid dragon claws you but does no damage.
You barely miss the acid dragon. The acid dragon closely misses you.
The acid dragon misses you.
You hit the acid dragon but do no damage.
Xom grants you a minor favour.
You feel much better. The acid dragon bites you.
The acid dragon completely misses you.
You regained 3 hp, and now have 26/30 hp.
An acid dragon is nearby!
Okay, then.
It was a potion of curing.
You feel better.
Xom roars with laughter!
The acid dragon bites you.
The acid dragon claws you but does no damage.
It was a potion of attraction.
You feel attractive to monsters. The acid dragon barely misses you.
The acid dragon claws you but does no damage.
It was a potion of brilliance.
You feel clever all of a sudden. The acid dragon bites you.
The acid dragon barely misses you.
You take 6 damage, and have 21/30 hp.
You hit the acid dragon. You freeze the acid dragon.
The acid dragon is moderately wounded.
You hit the acid dragon but do no damage.
The acid dragon is moderately wounded.
The acid dragon bites you! The acid dragon claws you.
You take 11 damage, and have 10/30 hp.
MASSIVE DAMAGE!!
You barely miss the acid dragon.
The acid dragon is moderately wounded.
The acid dragon barely misses you. The acid dragon closely misses you.
You barely miss the acid dragon.
The acid dragon is moderately wounded.
The acid dragon closely misses you.
The acid dragon claws you but does no damage.
You hit the acid dragon. You burn the acid dragon.
The acid dragon is heavily wounded.
You hit the acid dragon but do no damage.
The acid dragon seems to speed up.
The acid dragon is heavily wounded.
The acid dragon closely misses you.
The acid dragon claws you but does no damage.
The acid dragon bites you!
* * * LOW HITPOINT WARNING * * *
The acid dragon claws you but does no damage.
The adder is attracted toward you.
You take 7 damage, and have 4/30 hp.
MASSIVE DAMAGE!!
The adder hisses angrily.
You hit the acid dragon but do no damage.
You drain the acid dragon.
The acid dragon is heavily wounded.
The acid dragon bites you.
You die...
Xom cackles wildly!

###############
♣♣##.............#
♣♣.#...##########.####
♣♣.♣....# #)..).
♣......###### ######
♣.♣..#.......# ##.
♣♣♣##@####.# #.# #D#
#.# #.# #.# .S# ##.
#.# ## ..# # ..#
####### §.# .......
#######


You could see an acid dragon (fast, drained) and an adder.

Vanquished Creatures
  Jessica (D:2)
  An endoplasm (D:1)
  2 giant cockroaches (D:2)
  A goblin (D:2)
  4 hobgoblins
  4 kobolds
  2 ball pythons (D:2)
  4 bats
  A frilled lizard (D:2)
  A rat (D:2)
21 creatures vanquished.

Vanquished Creatures (collateral kills)
  An adder (D:2)
1 creature vanquished.

Grand Total: 22 creatures vanquished

Notes
Turn   | Place    | Note
-------+----------+-------------------------------------------
     0 | D:1      | SkeletonJelly the Merfolk Chaos Knight began the quest for
                  | the Orb.
     0 | D:1      | Reached XP level 1. HP: 18/18 MP: 1/1
    31 | D:1      | XOM: divination: magic mapping
   292 | D:1      | Reached skill level 5 in Polearms
   292 | D:1      | Reached XP level 2. HP: 19/24 MP: 2/2
   469 | D:1      | XOM: noise
   494 | D:1      | XOM: silly message
   639 | D:1      | Found a faded altar of an unknown god.
   918 | D:2      | Found an ancient bone altar of Kikubaaqudgha.
  1056 | D:2      | Noticed Jessica
  1061 | D:2      | Killed Jessica
  1062 | D:2      | Reached skill level 6 in Polearms
  1062 | D:2      | Reached XP level 3. HP: 27/30 MP: 3/3
  1339 | D:2      | Noticed an acid dragon
  1339 | D:2      | a bat changed into an acid dragon
  1339 | D:2      | XOM: polymorph bat -> acid dragon
  1343 | D:2      | XOM: potion effect (heal wounds)
  1353 | D:2      | Slain by an acid dragon

Illustrated notes

Levels and vault maps discovered:
D:1:      nzn_arrival_crosshair, layout_basic, chequers_ecumenical_altar_lobes
D:2:      layout_loops_ring, basic_altar, serial_glass, glass_columns_b,
          glass_columns_a, uniq_crazy_yiuf_cottage, uniq_jessica

Skill      XL: |  1  2  3 |
---------------+----------+-----
Polearms       | 5 6 |  6.2
Fighting       | 4 |  4.0
Armour         | |  0.6
Dodging        | |  2.6

Action                   || total
-------------------------++-------
Melee: Spear             ||    97
  Use: Potion            ||     3
 Stab: Sleeping          ||     1
Armor: Leather armour    ||    30
Dodge: Dodged            ||    40

Table legend: (Time is in decaauts)
 A = Elapsed time spent in this place.
 B = Non-inter-level travel time spent in this place.
 C = Inter-level travel time spent in this place.
 D = Time resting spent in this place.
 E = Time spent auto-exploring this place.
 F = Levels seen in this place.
 G = Mean time per level.
                   A        B        C        D        E       F      G
               +--------+--------+--------+--------+--------+-----+--------+
         Total |   1336 |   1269 |     67 |      0 |   1072 |   2 |  668.0 |
       Dungeon |   1336 |   1269 |     67 |      0 |   1072 |   2 |  668.0 |
               +--------+--------+--------+--------+--------+-----+--------+

Top non-repeatable levels by time:
     D:1: 833 daAuts
     D:2: 502 daAuts
